AoeStats
← Swiddy

Scandinavia

510627679Analyzed
1v1 RM · 1d ago on Oct 1, 2026· 28m 15s· 2 players
Game mode
Random Map
Map size
Tiny (2 player)
Population
200
Speed
Normal
Resources
Standard
Victory
Conquest
Starting age
Dark Age
Ending age
Imperial Age
RankedLock teamsTeams togetherTeam positionsShared explorationLock speedFull tech treeHidden civsTurbo modeCheats
Victory
Defeat
🇺🇸 Khmer · United States
1319
+16
🇵🇪 Mongols · Peru
1311
-16
N4nd0
9:35 Feudal Age
11:07 Double-Bit Axe
11:11 Loom
14:47 Castle Age
17:17 Pikeman
18:59 Fletching
20:38 Bodkin Arrow
21:21 Town Watch
24:58 Ballistics
26:35 Wheelbarrow
26:26 Fishing Lines
27:39 Bow Saw
Swiddy
8:04 Loom
10:50 Feudal Age
13:52 Castle Age
11:38 Double-Bit Axe
11:38 Horse Collar
16:18 Scale Barding Armor
16:24 Forging
20:57 Chain Barding Armor
25:43 Bloodlines
25:39 Husbandry
25:33 Gold Mining
27:09 Iron Casting
Connection lost

Rejoining the realm…

Still unreachable

The connection could not be restored.

Session expired

The server has moved on; the page needs a fresh start.